 Dungeon Crawl Stone Soup version 0.21-a0-348-ga060c75 (webtiles) character file.

566227 Monsterracer the Slayer (level 26, -46/224 HPs)
             Began as a Gnoll Wizard on Oct 3, 2017.
             Was the Champion of Okawaru.
             Killed from afar by an ancient lich (74 damage)
             ... with a bolt of cold
             ... on level 5 of the Realm of Zot on Oct 6, 2017.
             The game lasted 04:21:03 (70593 turns).

Monsterracer the Slayer (Gnoll Wizard)             Turns: 70593, Time: 04:21:04

Health: -46/224    AC: 35    Str: 14    XL:     26   Next: 81%
Magic:  17/44      EV: 30    Int: 30    God:    Okawaru [******]
Gold:   3170       SH:  0    Dex: 14    Spells: 6/60 levels left

rFire    + + .     SeeInvis .   a - +8 demon blade (elec)
rCold    . . .     Gourm    .   V - +5 shield "Xagemeiko" {rPois rF+}
rNeg     + + +     Faith    .   Q - +5 scale mail of Absolutism {rElec rN+ Regen+}
rPois    +         Spirit   .   M - +2 helmet
rElec    +         Reflect  +   F - +2 cloak {MR+}
rCorr    .         Harm     .   k - +2 pair of gloves
MR       ++...                  U - +2 pair of boots {run}
Stlth    ++........             E - amulet "Xiegawia" {Reflect rN++ Int+2 SH+4}
HPRegen  0.87/turn              t - ring of Phasing {EV+8}
MPRegen  0.29/turn              f - ring of protection from fire

@: confused, heroism, studying 3 skills, quick
A: distributed training, fangs 1, hooves 1, deterioration 1, screaming 1, no
potion heal 1, strong nose
}: 3/15 runes: decaying, slimy, gossamer
a: Heroism, Finesse, Renounce Religion


You were on level 5 of the Realm of Zot.
You worshipped Okawaru.
Okawaru was exalted by your worship.
You were not hungry.

You visited 11 branches of the dungeon, and saw 54 of its levels.
You also visited: Bailey and Ice Cave.

You collected 6812 gold pieces.
You spent 3642 gold pieces at shops.

Inventory:

Hand Weapons
 a - a +8 demon blade of electrocution (weapon)
 b - a +9 eveningstar of freezing
Armour
 k - a +2 pair of gloves (worn)
 F - a +2 cloak of magic resistance (worn)
 M - a +2 helmet (worn)
 Q - the +5 scale mail of Absolutism (worn) {rElec rN+ Regen+}
   (You bought it in a shop on level 2 of the Orcish Mines)

   It insulates you from electricity.
   It protects you from negative energy.
   It increases your rate of regeneration.
 U - a +2 pair of boots of running (worn)
 V - the +5 shield "Xagemeiko" (worn) {rPois rF+}
   (You took it off Donald on level 2 of the Swamp)

   It protects you from fire.
   It protects you from poison.
Magical Staves
 q - an uncursed staff of wizardry
Jewellery
 c - an uncursed ring of resist corrosion
 e - an uncursed ring of protection from magic
 f - a ring of protection from fire (right hand)
 p - an uncursed ring of flight
 t - the ring of Phasing (left hand) {EV+8}
   (You found it on level 5 of the Pits of Slime)

   [ring of evasion]

   It affects your evasion (+8).
 y - an uncursed ring of protection from cold
 E - the amulet "Xiegawia" (around neck) {Reflect rN++ Int+2 SH+4}
   (You found it on level 13 of the Dungeon)

   [amulet of reflection]

   It shields you and reflects attacks.
   It affects your intelligence (+2).
   It greatly protects you from negative energy.
   It affects your SH (+4).
Wands
 A - a wand of clouds (9/9)
 C - a wand of digging (19/24)
 K - a wand of scattershot (5/9)
Scrolls
 g - 4 scrolls of recharging
 h - 26 scrolls of remove curse
 i - 7 scrolls of blinking
 l - 2 scrolls of identify
 n - 28 scrolls of teleportation
 G - 10 scrolls of amnesia
 O - 6 scrolls of fear
 S - 3 scrolls of magic mapping
 W - 4 scrolls of fog
 Y - 3 scrolls of enchant armour
Potions
 j - 4 potions of invisibility
 m - 7 potions of magic
 o - 4 potions of might
 r - 14 potions of curing
 v - 8 potions of brilliance
 x - 6 potions of heal wounds
 D - 7 potions of ambrosia {!q}
 I - 3 potions of flight
 N - 3 potions of haste
 R - 4 potions of cancellation
 T - 7 potions of berserk rage
Books
 w - a manual of Unarmed Combat
 J - a manual of
Armour
 L - a manual of Fighting
Miscellaneous
 z - a crystal ball of energy
Comestibles
 d - 28 bread rations
 s - 13 meat rations
 P - 19 royal jellies


   Skills:
 + Level 22.0(27) Fighting
 + Level 16.8(21.8) Short Blades
 + Level 16.8(21.8) Long Blades
 + Level 16.8(21.8) Axes
 + Level 16.8(21.8) Maces & Flails
 + Level 16.8(21.8) Polearms
 + Level 16.8(21.8) Staves
 + Level 16.8(21.8) Slings
 + Level 16.8(21.8) Bows
 + Level 16.8(21.8) Crossbows
 + Level 16.8(21.8) Throwing
 + Level 22.0(27) Armour
 + Level 17.3(22.3) Dodging
 + Level 17.2(22.2) Stealth
 + Level 16.8(21.8) Shields
 + Level 18.1(23.1) Unarmed Combat
 + Level 17.9 Spellcasting
 + Level 17.0 Conjurations
 + Level 16.8 Hexes
 + Level 16.8 Charms
 + Level 17.0 Summonings
 + Level 16.8 Necromancy
 + Level 17.0 Translocations
 + Level 16.8 Transmutations
 + Level 16.8 Fire Magic
 + Level 16.8 Ice Magic
 + Level 16.8 Air Magic
 + Level 16.8 Earth Magic
 + Level 16.8 Poison Magic
 + Level 16.8 Invocations
 + Level 16.8 Evocations


You had 6 spell levels left.
You knew the following spells:

 Your Spells              Type           Power        Failure   Level  Hunger
a - Magic Dart            Conj           ####         0%          1    None
b - Conjure Flame         Conj/Fire      #######.     0%          3    None
c - Freezing Cloud        Conj/Ice/Air   #######...   1%          6    #......
d - Regeneration          Chrm/Necr      #######...   0%          3    None
e - Blink                 Tloc           N/A          0%          2    None
f - Iskenderun's Battles  Conj/Chrm      #######.     1%          5    None
h - Lee's Rapid Deconstr  Erth           #######...   1%          5    None
i - Iron Shot             Conj/Erth      #######...   1%          6    #......
j - Controlled Blink      Tloc           N/A          16%         8    ######.
k - Cause Fear            Hex            #######...   1%          4    None
l - Summon Butterflies    Summ           #######.     0%          1    None
m - Chain Lightning       Conj/Air       #######...   17%         8    ######.
y - Passwall              Tmut/Erth      #######...   0%          2    None


Dungeon Overview and Level Annotations

Branches:
Dungeon (15/15)            Temple (1/1) D:7            Lair (6/6) D:10
  Swamp (4/4) Lair:4       Spider (4/4) Lair:3        Slime (5/5) Lair:5
    Orc (2/2) D:9             Elf (3/3) Orc:2        Vaults (4/5) D:14
  Crypt (0/3) Vaults:3     Depths (5/5) D:15            Zot (5/5) Depths:5

Altars:
Ashenzari
Cheibriados
Dithmenos
Elyvilon
Fedhas
Gozag
Hepliaklqana
Kikubaaqudgha
Makhleb
Nemelex Xobeh
Okawaru
Qazlal
Ru
Sif Muna
Trog
Uskayaw
Vehumet
Wu Jian
Xom
Yredelemnul
Zin
The Shining One
Beogh
Jiyva

Shops:
D:11 =   D:14 ?   Orc:2 ![[(=   Vaults:1 (   Vaults:3 [   Depths:4 *

Portals:
Hell: Depths:1 Depths:2 Depths:3 Depths:4 Depths:5
Abyss: Depths:4 Depths:5
Pandemonium: Depths:3 Depths:4
Ziggurat: Depths:2

Annotations:
D:9 1 runed door


Innate Abilities, Weirdness & Mutations

Your experience applies equally to all skills.
You have very sharp teeth.
Your uncanny sense of smell can sniff out nearby items.
You have large cloven feet.
Your body sometimes deteriorates upon taking damage.
You occasionally shout uncontrollably at your foes.
Potions are less effective at restoring your health.


Message History

The fireball engulfs the Brimstone Fiend.
The Brimstone Fiend completely resists.
You hear a shout!
You hear a chilling moan.
Huge Dmg: -4%(-9hp) hp: 7%(15hp) Really walk into that permanent teleport trap?
You enter a permanent teleport trap!
Your surroundings suddenly seem different.
You hear a distant "Zot"!
Found a potion of heal wounds.
You hear a distant "Zot"!
You see here a potion of heal wounds.
You hear a distant "Zot"!
Autopickup is now on.
You hear a distant "Zot"! x2
x - 6 potions of heal wounds (gained 1)
You hear a distant "Zot"! x2
Really quaff
D - 8 potions of ambrosia {!q}?
You are confused.
Your system partially rejects the healing.
You feel invigorated.
There is a strange disturbance nearby!
Unknown command.
There is a strange disturbance nearby!
Unknown command.
Deactivating autopickup; reactivate with Ctrl-A.
You miss something. You bite something.
You hear some strange, mumbled words.
A bolt of cold appears from out of thin air!
The bolt of cold hits you!
You die...

****,,****...#*
**,,,** *, *,,*
*#...#* **,,,* *,
*,,* *#...#* **,,*
*, *,,* *#...##
*,,* ** *,,*
*#...#######..*
****,,**
*#...........*
*,,,,,,**
*#..........* **
,,,,,,,,**
#{.######..* *,
,,,,,,,,,** #@.#
*,,******,
,,,,,,,,⌠,* #..#
*,,,,,,,,<
,,,,,,,,,,* #..#
*,,,,,,,,,
****,********
▓▓##**************
,,,,,,,,,,,,*
**,,,,,,,,,,,,,,*
,,,,,,,,,,,**
**,,,,,,,,,,,,,,,,
,,,,,,,,,,,*
**,,,,,,,,,,,,,,,,,
,,,,,,,,,,**
*,,,,,,,,,,,,,,,,,,
..,,,,,,,,*
*,,,,,,,,,,,,,,,,,,


There were no monsters in sight!

Vanquished Creatures
  the Royal Jelly (Slime:5)
  Mara (Vaults:4)
  2 juggernauts
  Sojobo (Depths:1)
  Frederick (Depths:3)
  Saint Roka (Depths:2)
  The ghost of Ijustatesigmund the Slayer, a legendary VSFi of Okawaru (Zot:2)
  Bai Suzhen (Depths:3)
  2 Killer Klowns (Zot:2)
  Jory (Vaults:4)
  7 golden dragons
  2 bone dragons
  Jorgrun (Depths:2)
  2 tentacled monstrosities
  The ghost of Dominolapin the Gelid, a veteran VSVM of Sif Muna (Depths:1)
  3 liches
  3 titans
  3 deep elf blademasters
  2 deep elf master archers (Elf:3)
  14 acid blobs
  3 death cobs
  6 sphinxes
  2 thorn hunters
  10 tengu reavers
  Gastronok (Lair:3)
  The ghost of Hasart the End of an Era, an adept DsFi of Qazlal (Spider:4)
  3 shadow dragons
  3 storm dragons
  8 fire giants
  8 azure jellies
  A draconian monk (Zot:4)
  Donald (Swamp:2)
  9 frost giants
  An iron dragon (Depths:4)
  8 deep elf sorcerers
  An orc warlord (D:9)
  A draconian scorcher (Zot:4)
  Louise (Elf:1)
  8 vault wardens
  9 ghost moths
  A balrug (Depths:2)
  2 draconian knights (Zot:2)
  7 emperor scorpions
  3 deep elf elementalists (Elf:3)
  A cacodemon (Depths:2)
  5 spriggan defenders
  3 draconian annihilators
  12 very ugly things
  A draconian shifter (Depths:5)
  A draconian stormcaller (Zot:4)
  4 entropy weavers
  2 black draconians
  15 stone giants
  5 deep elf demonologists
  7 ironheart preservers
  5 vampire knights
  7 deep elf annihilators
  2 yellow draconians
  10 green draconians
  3 white draconians
  6 spark wasps
  6 red draconians
  An eidolon (Vaults:3)
  A merfolk javelineer (Depths:4)
  Josephine (D:12)
  4 death oozes
  A great orb of eyes (shapeshifter) (Vaults:1)
  6 deep elf death magi
  13 fire dragons
  4 deep elf high priests
  16 ettins
  7 rakshasas
  7 great orbs of eyes
  14 yaktaur captains
  4 vault guards
  26 hydras
  16 ice dragons
  A ghost crab (Swamp:4)
  Erica (D:8)
  The ghost of epen the Martial Artist, a journeyman GnTm of Ashenzari (Lair:2)
  6 spriggan air magi
  2 death knights
  11 centaur warriors
  25 dancing weapons
  16 ogre magi
  A queen ant (Lair:2)
  9 alligators
  46 two-headed ogres
  9 deep troll shamans
  3 vampire magi
  4 tengu warriors
  21 deep troll earth magi
  9 spriggan berserkers
  5 orc high priests (Orc:2)
  Sonja (Lair:2)
  Urug (Lair:3)
  19 deep elf knights
  4 skeletal warriors
  8 hell knights
  An iron troll (Depths:3)
  A gelid demonspawn (Depths:2)
  A shadow wraith (Vaults:1)
  A death drake (shapeshifter) (Depths:1)
  9 unseen horrors
  10 deep elf archers
  2 flayed ghosts
  4 spriggan druids
  55 deep trolls
  8 swamp dragons
  8 wizards
  2 glowing orange brains
  4 necromancers
  Pikel (D:6)
  An orange crystal statue (Depths:1)
  4 phantasmal warriors
  55 ugly things
  5 orc knights
  65 deep elf magi
  7 harpies
  12 ironbrand convokers
  2 lindwurms (D:14)
  19 orb spiders
  6 orc sorcerers
  A shining eye (shapeshifter) (Vaults:1)
  32 wolf spiders
  6 shining eyes
  6 manticores
  A salamander (Depths:3)
  7 moths of wrath
  4 elephants (Lair:4)
  A centaur zombie (D:10)
  2 cyclopes
  Maurice (D:8)
  The ghost of anet the Magician, a novice DEWz (D:6)
  4 torpor snails
  7 vault sentinels
  A black mamba (shapeshifter) (Vaults:2)
  A guardian serpent (Lair:6)
  3 naga magi (Vaults:4)
  5 black mambas
  25 spiny frogs
  2 eyes of devastation (Slime:3)
  A centaur skeleton (D:13)
  A yaktaur (shapeshifter) (Vaults:2)
  2 gargoyles
  5 freezing wraiths
  7 komodo dragons
  51 yaktaurs
  A troll (shapeshifter) (Vaults:4)
  An ice devil (Depths:2)
  3 tengu conjurers
  15 demonic crawlers
  15 polar bears
  8 tyrant leeches
  3 red devils (Depths:2)
  4 trolls
  38 jumping spiders
  Prince Ribbit (D:8)
  2 meliai (shapeshifter)
  11 bog bodies
  12 blink frogs
  9 hippogriffs
  84 slime creatures
  Grinder (D:4)
  21 hornets
  9 dream sheep
  A frost giant simulacrum (Vaults:1)
  8 air elementals
  A raiju (Lair:6)
  A hippogriff (shapeshifter) (Vaults:4)
  89 redbacks
  15 wyverns
  5 wraiths
  11 spriggans
  11 water elementals
  A shadow (Swamp:1)
  A ynoxinul (Depths:2)
  16 small abominations
  A spriggan (shapeshifter) (Vaults:2)
  A tarantella (shapeshifter) (Depths:2)
  47 yaks
  A redback (shapeshifter) (Depths:2)
  33 tarantellas
  A fire bat (shapeshifter) (Vaults:2)
  10 golden eyes
  A yak (shapeshifter) (D:9)
  6 basilisks
  2 fire elementals (Elf:3)
  5 hungry ghosts
  A steam dragon (D:13)
  Menkaure (D:7)
  17 vampire mosquitoes
  A warg (shapeshifter) (Elf:3)
  14 wargs
  Edmund (D:4)
  13 insubstantial wisps (Swamp:2)
  An acid dragon (Vaults:2)
  10 soldier ants
  A soldier ant (shapeshifter) (Vaults:3)
  6 large abominations
  18 swamp worms
  7 porcupines
  20 water moccasins
  A floating eye (shapeshifter) (Depths:4)
  24 hell hounds
  13 swamp drakes
  7 phantoms
  36 orc warriors
  5 sky beasts
  2 slaves (D:6)
  7 ice beasts
  12 black bears
  A tengu (shapeshifter) (D:15)
  36 ogres
  29 centaurs
  3 eyes of draining
  16 wolves
  10 boggarts
  5 crocodiles
  2 big kobolds (D:13)
  18 bullfrogs
  A gnoll sergeant (D:8)
  2 wyvern zombies
  6 earth elementals
  A wyvern skeleton (D:6)
  3 scorpions
  An elf simulacrum (Vaults:3)
  A water moccasin skeleton (D:9)
  14 killer bees
  10 wights
  A human simulacrum (Vaults:1)
  7 electric eels
  A vampire bat (D:11)
  4 howler monkeys
  15 crimson imps
  A bullfrog zombie (D:11)
  A lava snake (D:15)
  2 quasits (Depths:2)
  44 orc priests
  A bullfrog skeleton (D:9)
  10 hounds
  An iron imp (Depths:1)
  8 jellies
  27 orc wizards
  A gnoll shaman (D:7)
  Jessica (D:2)
  Terence (D:2)
  Ijyb (D:4)
  An iguana (shapeshifter) (Vaults:1)
  7 iguanas
  2 hell rats (D:14)
  20 worker ants
  A hound skeleton (D:8)
  A hound zombie (D:8)
  2 worker ant zombies
  15 gnolls
  21 adders
  A howler monkey skeleton (D:11)
  4 river rats (D:14)
  5 shadow imps
  5 white imps (IceCv)
  7 ufetubi
  7 oozes
  An adder zombie (D:8)
  An adder skeleton (D:4)
  13 worms
  3 dart slugs (D:1)
  5 leopard geckos
  139 orcs
  2 giant cockroaches
  11 goblins
  8 hobgoblins
  26 jackals
  7 quokkas
  2 ball pythons
  A ball python skeleton (D:4)
  20 bats
  3 frilled lizards
  17 kobolds
  A leopard gecko skeleton (D:9)
  A leopard gecko zombie (D:6)
  A quokka zombie (D:6)
  11 rats
  2 crawling corpses (Elf:3)
  A fungus (Swamp:4)
  3 plants
2415 creatures vanquished.

Vanquished Creatures (collateral kills)
  the Lernaean hydra (Swamp:4)
  A hydra (Swamp:4)
  A swamp dragon (Swamp:4)
  2 bog bodies (Swamp:4)
  2 killer bees (D:9)
7 creatures vanquished.

Vanquished Creatures (others)
  A quicksilver dragon (Zot:5)
  A yaktaur captain (Depths:3)
  A centaur warrior (Depths:3)
  An alligator (Swamp:2)
  A deep elf knight (Elf:2)
  A deep elf archer (Vaults:4)
  9 yaktaurs
  A golden eye (Slime:3)
  An ogre (Depths:2)
  4 boggarts
  An orc wizard (Orc:1)
  A white imp (IceCv)
  2 ufetubi (IceCv)
  A quokka (D:4)
  23 fungi
  42 plants
91 creatures vanquished.

Grand Total: 2513 creatures vanquished

Notes
Turn   | Place    | Note
-------+----------+-------------------------------------------
     0 | D:1      | Monsterracer the Gnoll Wizard began the quest for the Orb.
     0 | D:1      | Reached XP level 1. HP: 13/13 MP: 8/8
   160 | D:1      | Reached XP level 2. HP: 19/19 MP: 8/10
   589 | D:1      | Reached XP level 3. HP: 25/25 MP: 7/11
   594 | D:1      | Learned a level 3 spell: Conjure Flame
   598 | D:1      | Learned a level 3 spell: Mephitic Cloud
   601 | D:1      | Learned a level 2 spell: Blink
  1383 | D:2      | Reached skill level 1 in Fighting
  1383 | D:2      | Reached skill level 1 in Short Blades
  1383 | D:2      | Reached skill level 1 in Long Blades
  1383 | D:2      | Reached skill level 1 in Axes
  1383 | D:2      | Reached skill level 1 in Maces & Flails
  1383 | D:2      | Reached skill level 1 in Polearms
  1383 | D:2      | Reached skill level 1 in Staves
  1383 | D:2      | Reached skill level 1 in Slings
  1383 | D:2      | Reached skill level 1 in Bows
  1383 | D:2      | Reached skill level 1 in Crossbows
  1383 | D:2      | Reached skill level 1 in Throwing
  1383 | D:2      | Reached skill level 1 in Armour
  1383 | D:2      | Reached skill level 1 in Shields
  1383 | D:2      | Reached skill level 1 in Unarmed Combat
  1383 | D:2      | Reached skill level 1 in Hexes
  1383 | D:2      | Reached skill level 1 in Charms
  1383 | D:2      | Reached skill level 1 in Necromancy
  1383 | D:2      | Reached skill level 1 in Transmutations
  1383 | D:2      | Reached skill level 1 in Fire Magic
  1383 | D:2      | Reached skill level 1 in Ice Magic
  1383 | D:2      | Reached skill level 1 in Air Magic
  1383 | D:2      | Reached skill level 1 in Earth Magic
  1383 | D:2      | Reached skill level 1 in Poison Magic
  1383 | D:2      | Reached skill level 1 in Invocations
  1383 | D:2      | Reached skill level 1 in Evocations
  1477 | D:2      | Reached XP level 4. HP: 32/32 MP: 10/13
  1717 | D:2      | Noticed Terence
  1725 | D:2      | Killed Terence
  2190 | D:2      | Noticed Jessica
  2193 | D:2      | Killed Jessica
  2193 | D:2      | Reached XP level 5. HP: 37/37 MP: 10/14
  3207 | D:3      | Reached XP level 6. HP: 44/44 MP: 12/16
  3687 | D:4      | Noticed a phantom
  3808 | D:4      | HP: 22/44 [phantom (7)]
  3972 | D:4      | Killed a phantom
  3972 | D:4      | Reached skill level 5 in Dodging
  4311 | D:4      | Found a white marble altar of Elyvilon.
  4332 | D:4      | Noticed Ijyb
  4341 | D:4      | Killed Ijyb
  4445 | D:4      | Noticed Edmund
  4480 | D:4      | Killed Edmund
  4480 | D:4      | Reached XP level 7. HP: 49/50 MP: 0/18
  5214 | D:4      | Reached skill level 5 in Stealth
  5316 | D:4      | Found a radiant altar of Vehumet.
  5329 | D:4      | Noticed Grinder
  5378 | D:4      | Killed Grinder
  5378 | D:4      | Reached XP level 8. HP: 38/57 MP: 2/19
  5717 | D:5      | Entered Level 5 of the Dungeon
  6130 | D:5      | Gained mutation: You can translocate small distances at will. [mutagenic meat]
  6131 | D:5      | Gained mutation: You have sharp toenails. [mutagenic meat]
  7055 | D:5      | Reached XP level 9. HP: 65/65 MP: 11/21
  7377 | D:6      | Noticed anet's ghost (novice DEWz)
  7409 | D:6      | Killed anet's ghost
  7552 | D:6      | HP: 30/65 [centaur/arrow (8)]
  7559 | D:6      | Reached skill level 5 in Conjurations
  7559 | D:6      | Reached skill level 5 in Summonings
  7559 | D:6      | Reached skill level 5 in Translocations
  7604 | D:6      | HP: 25/65 [orc/flail (8)]
  7714 | D:6      | HP: 28/65 [phantom (7)]
  8169 | D:6      | Found a shadowy altar of Dithmenos.
  8515 | D:6      | Noticed Pikel
  8550 | D:6      | Killed Pikel
  8732 | D:7      | Reached XP level 10. HP: 55/73 MP: 22/22
  8896 | D:7      | Reached skill level 5 in Fighting
  8896 | D:7      | Reached skill level 5 in Short Blades
  8896 | D:7      | Reached skill level 5 in Long Blades
  8896 | D:7      | Reached skill level 5 in Axes
  8896 | D:7      | Reached skill level 5 in Maces & Flails
  8896 | D:7      | Reached skill level 5 in Polearms
  8896 | D:7      | Reached skill level 5 in Staves
  8896 | D:7      | Reached skill level 5 in Slings
  8896 | D:7      | Reached skill level 5 in Bows
  8896 | D:7      | Reached skill level 5 in Crossbows
  8896 | D:7      | Reached skill level 5 in Throwing
  8896 | D:7      | Reached skill level 5 in Armour
  8896 | D:7      | Reached skill level 5 in Shields
  8896 | D:7      | Reached skill level 5 in Unarmed Combat
  8896 | D:7      | Reached skill level 5 in Hexes
  8896 | D:7      | Reached skill level 5 in Charms
  8896 | D:7      | Reached skill level 5 in Necromancy
  8896 | D:7      | Reached skill level 5 in Transmutations
  8896 | D:7      | Reached skill level 5 in Fire Magic
  8896 | D:7      | Reached skill level 5 in Ice Magic
  8896 | D:7      | Reached skill level 5 in Air Magic
  8896 | D:7      | Reached skill level 5 in Earth Magic
  8896 | D:7      | Reached skill level 5 in Poison Magic
  8896 | D:7      | Reached skill level 5 in Invocations
  8896 | D:7      | Reached skill level 5 in Evocations
  9031 | D:7      | Upgraded the game from 0.21-a0-338-g36cf2fc to 0.21-a0-344-g2144152
  9096 | D:7      | Found a flagged portal.
  9101 | Bailey   | Entered a bailey
 10337 | Bailey   | Identified a scroll of acquirement
 10733 | D:7      | Noticed Menkaure
 10758 | D:7      | HP: 23/74 [??? (20)]
 11502 | D:7      | Killed Menkaure
 12518 | D:7      | Found a staircase to the Ecumenical Temple.
 12563 | Temple   | Entered the Ecumenical Temple
 12712 | Temple   | Became a worshipper of Warmaster Okawaru
 12861 | D:8      | Reached XP level 11. HP: 81/81 MP: 24/24
 12873 | D:8      | Noticed Maurice
 12896 | D:8      | Killed Maurice
 13064 | D:8      | Learned a level 3 spell: Regeneration
 13167 | D:8      | Noticed a two-headed ogre
 13202 | D:8      | Killed a two-headed ogre
 13202 | D:8      | Reached * piety under Okawaru
 13326 | D:8      | Noticed Prince Ribbit
 13347 | D:8      | Killed Prince Ribbit
 13602 | D:8      | Noticed a two-headed ogre
 13616 | D:8      | Killed a two-headed ogre
 13765 | D:8      | Noticed Erica
 13787 | D:8      | HP: 40/83 [Erica/orb of energy (20)]
 13794 | D:8      | Killed Erica
 13794 | D:8      | Reached ** piety under Okawaru
 13798 | D:8      | Upgraded the game from 0.21-a0-344-g2144152 to 0.21-a0-346-g330ab2c
 14206 | D:9      | Found the +9 staff of Olgreb {rPois}
 14279 | D:9      | Found a staircase to the Orcish Mines.
 14290 | D:9      | HP: 38/83 [guardian serpent (shapeshifter) (12)]
 15012 | D:9      | Reached *** piety under Okawaru
 15039 | D:9      | Found a runed gate.
 15041 | D:9      | Found a runed gate.
 15041 | D:9      | Found a runed gate.
 15047 | D:9      | Found a runed door.
 15047 | D:9      | Found a runed door.
 15076 | D:9      | HP: 39/84 [soldier ant (4)]
 15081 | D:9      | HP: 34/84 [poisoned by a soldier ant]
 15087 | D:9      | HP: 31/84 [poisoned by a soldier ant]
 15094 | D:9      | HP: 30/84 [poisoned by a soldier ant]
 15099 | D:9      | HP: 30/84 [poisoned by a soldier ant]
 15124 | D:9      | HP: 26/84 [soldier ant (10)]
 15562 | D:9      | Reached **** piety under Okawaru
 15969 | D:9      | Noticed a wizard
 15969 | D:9      | Noticed a cyclops
 15972 | D:9      | Noticed a two-headed ogre
 15982 | D:9      | Killed a cyclops
 15997 | D:9      | Killed a two-headed ogre
 15997 | D:9      | Reached ***** piety under Okawaru
 15997 | D:9      | Received a gift from Okawaru
 16093 | D:9      | Noticed a centaur warrior
 16106 | D:9      | Killed a centaur warrior
 16106 | D:9      | Reached XP level 12. HP: 76/92 MP: 8/25
 16275 | D:10     | Entered Level 10 of the Dungeon
 16513 | D:10     | Reached skill level 10 in Spellcasting
 16576 | D:10     | Found a staircase to the Lair.
 17083 | Lair:1   | Entered Level 1 of the Lair of Beasts
 17097 | Lair:1   | Received a gift from Okawaru
 17371 | Lair:1   | Received a gift from Okawaru
 17538 | Lair:1   | HP: 47/94 [spiny frog (3)]
 17541 | Lair:1   | Received a gift from Okawaru
 17543 | Lair:1   | HP: 39/94 [poisoned by a spiny frog]
 17548 | Lair:1   | HP: 42/94 [poisoned by a spiny frog]
 17554 | Lair:1   | HP: 45/94 [poisoned by a spiny frog]
 18141 | Lair:1   | Received a gift from Okawaru
 18174 | Lair:1   | Identified a +0 pair of boots of running (Okawaru gifted it to you on level 1 of the Lair of Beasts)
 18837 | Lair:2   | Noticed epen's ghost (journeyman GnTm)
 18909 | Lair:2   | Killed epen's ghost
 19084 | Lair:2   | Reached XP level 13. HP: 101/101 MP: 20/27
 19721 | Lair:2   | Noticed Sonja
 19734 | Lair:2   | Killed Sonja
 19984 | Lair:3   | HP: 45/102 [spiny frog (14)]
 19997 | Lair:3   | Reached ****** piety under Okawaru
 19997 | Lair:3   | Received a gift from Okawaru
 20001 | Lair:3   | Got a faintly glowing great mace {god gift}
 20051 | Lair:3   | Found a frozen archway.
 20105 | IceCv    | Entered an ice cave
 20111 | IceCv    | Identified the +1 great mace of Resourcefulness {crush, +Blink rN++ Dex-4} (Okawaru gifted it to you on level 3 of the Lair of Beasts)
 20215 | IceCv    | HP: 46/103 [ice statue/shard of ice (18)]
 20220 | IceCv    | HP: 27/103 [something (20)]
 20712 | Lair:3   | Found a hole to the Spider Nest.
 20717 | Lair:3   | Noticed Gastronok
 20740 | Lair:3   | Killed Gastronok
 20740 | Lair:3   | Reached skill level 10 in Fighting
 20740 | Lair:3   | Reached skill level 10 in Armour
 20925 | Lair:3   | Noticed Urug
 20939 | Lair:3   | Killed Urug
 22169 | Lair:4   | Received a gift from Okawaru
 22179 | Lair:4   | HP: 39/104 [yak (35)]
 22411 | Lair:4   | Found a staircase to the Swamp.
 22939 | Lair:4   | Identified the +9 short sword "Vud Qogg" {flame, rPois} (You found it on level 4 of the Lair of Beasts)
 23960 | Lair:5   | Found a viscous altar of Jiyva.
 23960 | Lair:5   | Found a staircase to the Slime Pits.
 24058 | Lair:5   | Reached XP level 14. HP: 82/111 MP: 22/29
 24384 | Lair:6   | Entered Level 6 of the Lair of Beasts
 24384 | Lair:6   | Found a radiant altar of Vehumet.
 24523 | Lair:6   | Received a gift from Okawaru
 24646 | Lair:6   | Reached skill level 10 in Dodging
 25105 | Lair:6   | Received a gift from Okawaru
 25575 | Lair:6   | Reached skill level 10 in Stealth
 25593 | Lair:6   | HP: 53/113 [black mamba (4)]
 25598 | Lair:6   | HP: 41/113 [poisoned by a black mamba]
 25603 | Lair:6   | HP: 24/113 [poisoned by a black mamba]
 25618 | Lair:6   | HP: 34/113 [water moccasin (1)]
 26558 | Lair:6   | HP: 53/114 [polar bear (14)]
 26709 | Lair:6   | Received a gift from Okawaru
 26726 | Lair:6   | HP: 57/114 [hell hound/blast of flame (4)]
 26743 | Lair:6   | HP: 55/114 [wolf (3)]
 26834 | Lair:6   | Identified the +6 lajatang of Descent {vamp, rPois} (Okawaru gifted it to you on level 6 of the Lair of Beasts)
 26939 | Lair:6   | HP: 55/114 [wolf (7)]
 26944 | Lair:6   | HP: 54/114 [hell hound/blast of flame (4)]
 26950 | Lair:6   | HP: 44/114 [hell hound/blast of flame (10)]
 26955 | Lair:6   | HP: 37/114 [hell hound (7)]
 27659 | Lair:4   | Learned a level 5 spell: Iskenderun's Battlesphere
 27852 | D:11     | Reached XP level 15. HP: 109/120 MP: 30/30
 27856 | D:11     | HP: 60/120 [worker ant zombie (2)]
 27977 | Orc:1    | Entered Level 1 of the Orcish Mines
 27990 | Orc:1    | Noticed an orc warlord
 28013 | D:9      | HP: 50/120 [orc warlord/war axe of venom (23)]
 28016 | D:9      | Killed an orc warlord
 28016 | D:9      | Received a gift from Okawaru
 28016 | D:9      | Reached skill level 10 in Conjurations
 28016 | D:9      | Reached skill level 10 in Summonings
 28016 | D:9      | Reached skill level 10 in Translocations
 28250 | Orc:1    | Learned a level 5 spell: Bolt of Magma
 28316 | Orc:1    | Found a roughly hewn altar of Beogh.
 28865 | Orc:2    | Entered Level 2 of the Orcish Mines
 29088 | Orc:2    | HP: 56/121 [warg (6)]
 29089 | Orc:2    | HP: 26/121 [orc priest/mace (2)]
 29112 | Orc:2    | HP: 33/121 [warg (12)]
 29124 | Orc:1    | HP: 42/121 [warg (6)]
 29129 | Orc:1    | HP: 21/121 [warg (7)]
 29557 | Orc:2    | Found a staircase to the Elven Halls.
 29666 | Orc:2    | Found Kuiph's Antique Armour Shop.
 29666 | Orc:2    | Found Jywkorar's Armour Emporium.
 29673 | Orc:2    | Received a gift from Okawaru
 29720 | Orc:2    | Bought the +0 pair of fencer's gloves {+Riposte Dex+3} for 1400 gold pieces
 29720 | Orc:2    | Found the +0 pair of fencer's gloves {+Riposte Dex+3}
 29725 | Orc:2    | Bought a steaming buckler for 332 gold pieces
 29730 | Orc:2    | Identified the cursed +0 buckler of Words of Power {rC+} (You bought it in a shop on level 2 of the Orcish Mines)
 29864 | Orc:2    | Found Siluukal's Jewellery Shop.
 29864 | Orc:2    | Found Fiociaka's Antique Weapon Emporium.
 29953 | Orc:2    | Found a roughly hewn altar of Beogh.
 29980 | Orc:2    | Found Taskotsa's Distillery.
 30323 | D:11     | Found Joaducku's Jewellery Boutique.
 30504 | D:11     | Learned a level 6 spell: Freezing Cloud
 31250 | D:12     | Noticed Josephine
 31266 | D:12     | Killed Josephine
 31427 | D:12     | Received a gift from Okawaru
 31427 | D:12     | Reached skill level 10 in Short Blades
 31427 | D:12     | Reached skill level 10 in Long Blades
 31427 | D:12     | Reached skill level 10 in Axes
 31427 | D:12     | Reached skill level 10 in Maces & Flails
 31427 | D:12     | Reached skill level 10 in Polearms
 31427 | D:12     | Reached skill level 10 in Staves
 31427 | D:12     | Reached skill level 10 in Slings
 31427 | D:12     | Reached skill level 10 in Bows
 31427 | D:12     | Reached skill level 10 in Crossbows
 31427 | D:12     | Reached skill level 10 in Throwing
 31427 | D:12     | Reached skill level 10 in Shields
 31427 | D:12     | Reached skill level 10 in Unarmed Combat
 31427 | D:12     | Reached skill level 10 in Hexes
 31427 | D:12     | Reached skill level 10 in Charms
 31427 | D:12     | Reached skill level 10 in Necromancy
 31427 | D:12     | Reached skill level 10 in Transmutations
 31427 | D:12     | Reached skill level 10 in Fire Magic
 31427 | D:12     | Reached skill level 10 in Ice Magic
 31427 | D:12     | Reached skill level 10 in Air Magic
 31427 | D:12     | Reached skill level 10 in Earth Magic
 31427 | D:12     | Reached skill level 10 in Poison Magic
 31427 | D:12     | Reached skill level 10 in Invocations
 31427 | D:12     | Reached skill level 10 in Evocations
 31972 | D:12     | HP: 50/122 [very large slime creature (45)]
 31999 | D:12     | HP: 30/122 [large slime creature (25)]
 32002 | D:12     | HP: 9/122 [slime creature (7)]
 32805 | Orc:2    | Bought the +5 scale mail of Absolutism {rElec rN+ Regen+} for 566 gold pieces
 32955 | D:13     | HP: 53/122 [centaur warrior/arrow (22)]
 32957 | D:13     | HP: 24/122 [centaur warrior/arrow (12)]
 33211 | D:12     | Received a gift from Okawaru
 33214 | D:12     | Identified the +6 plate armour of Nimad {*Slow rCorr Str+3} (Okawaru gifted it to you on level 12 of the Dungeon)
 33476 | D:13     | Learned a level 6 spell: Iron Shot
 33594 | D:13     | Got a vibrating tin amulet
 33595 | D:13     | Identified the amulet "Xiegawia" {Reflect rN++ Int+2 SH+4} (You found it on level 13 of the Dungeon)
 34195 | D:14     | Found Jidixebi's Magic Scroll Shop.
 34200 | D:14     | Bought a scroll of fog for 24 gold pieces
 34296 | D:14     | Gained mutation: You tend to lose your temper in combat. [mutagenic meat]
 34297 | D:14     | Gained mutation: Your spells are a little easier to cast, but a little less powerful. [mutagenic meat]
 34298 | D:14     | Lost mutation: You have sharp toenails. [potion of mutation]
 34298 | D:14     | Lost mutation: You can translocate small distances at will. [potion of mutation]
 34298 | D:14     | Lost mutation: You tend to lose your temper in combat. [potion of mutation]
 34298 | D:14     | Lost mutation: Your spells are a little easier to cast, but a little less powerful. [potion of mutation]
 34298 | D:14     | Gained mutation: You have sharp toenails. [potion of mutation]
 34298 | D:14     | Gained mutation: You are partially covered in thin metallic scales. (AC +2) [potion of mutation]
 34426 | D:14     | Reached XP level 16. HP: 116/130 MP: 32/32
 34458 | D:14     | Found a gate to the Vaults.
 35299 | D:15     | Entered Level 15 of the Dungeon
 35301 | D:15     | Found a staircase to the Depths.
 35506 | D:15     | Found an iron altar of Okawaru.
 36761 | Spider:1 | Entered Level 1 of the Spider Nest
 36796 | Spider:1 | Received a gift from Okawaru
 38614 | Spider:2 | Reached XP level 17. HP: 139/139 MP: 33/33
 38875 | Spider:2 | Received a gift from Okawaru
 40385 | Spider:4 | Entered Level 4 of the Spider Nest
 40457 | Spider:4 | Received a gift from Okawaru
 40654 | Spider:4 | HP: 69/140 [emperor scorpion (15)]
 40659 | Spider:4 | HP: 58/140 [emperor scorpion (1)]
 40877 | Spider:4 | HP: 58/140 [emperor scorpion (19)]
 40883 | Spider:4 | HP: 37/140 [spark wasp (22)]
 41209 | Spider:4 | HP: 60/140 [emperor scorpion (22)]
 41676 | Spider:4 | Noticed Hasart's ghost (adept DsFi)
 41825 | Spider:4 | Reached skill level 15 in Fighting
 41825 | Spider:4 | Reached skill level 15 in Armour
 41847 | Spider:4 | Killed Hasart's ghost
 41847 | Spider:4 | Reached XP level 18. HP: 142/149 MP: 35/35
 42015 | Spider:4 | Received a gift from Okawaru
 42134 | Spider:4 | Got a gossamer rune of Zot
 42577 | Lair:4   | Upgraded the game from 0.21-a0-346-g330ab2c to 0.21-a0-348-ga060c75
 42609 | Swamp:1  | Entered Level 1 of the Swamp
 43222 | Swamp:1  | Identified the +3 buckler of Voxzug {Dex+3 Slay+6} (You found it on level 1 of the Swamp)
 43386 | Swamp:1  | Learned a level 2 spell: Passwall
 44014 | Swamp:2  | Noticed Donald
 44036 | Swamp:2  | Killed Donald
 44036 | Swamp:2  | Received a gift from Okawaru
 44039 | Swamp:2  | Identified the +5 shield "Xagemeiko" {rPois rF+} (You took it off Donald on level 2 of the Swamp)
 45095 | Swamp:3  | Identified the +7 scimitar "Gosoni" {chaos, rC- rN++ Dex+2} (You found it on level 3 of the Swamp)
 45359 | Swamp:4  | Entered Level 4 of the Swamp
 45733 | Swamp:4  | Identified the cursed +1 chain mail "Totelani" {+Blink rF+ MR+ Int-2} (You found it on level 4 of the Swamp)
 45803 | Swamp:4  | Noticed the 27-headed Lernaean hydra
 45808 | Swamp:4  | Killed the 27-headed Lernaean hydra
 45962 | Swamp:4  | Got a decaying rune of Zot
 46159 | Swamp:4  | Received a gift from Okawaru
 46271 | Swamp:4  | Reached XP level 19. HP: 154/157 MP: 36/36
 46973 | Orc:2    | Bought an uncursed ring of protection from magic for 350 gold pieces
 46975 | Orc:2    | Bought an uncursed ring of protection from cold for 350 gold pieces
 47010 | Orc:2    | Bought a +0 cloak of magic resistance for 138 gold pieces
 47204 | Vaults:1 | Entered Level 1 of the Vaults
 47710 | Vaults:1 | Received a gift from Okawaru
 47811 | Vaults:1 | Received a gift from Okawaru
 47812 | Vaults:1 | Found the -2 hat of the Alchemist {rElec rPois rF+ rC+ rN+ MR+ rMut rCorr}
 48130 | Vaults:1 | Found Ekhlaj's Weapon Shoppe.
 49270 | Vaults:2 | HP: 72/159 [yaktaur/bolt (16)]
 49272 | Vaults:2 | Reached XP level 20. HP: 76/166 MP: 15/38
 49282 | Vaults:2 | HP: 72/167 [yaktaur/bolt[a vault warden] (20)]
 49575 | Vaults:2 | Received a gift from Okawaru
 50300 | Vaults:2 | Received a gift from Okawaru
 50303 | Vaults:2 | Identified the +0 cloak "Doytoh" {rPois rF- Dex-3 Stlth+} (Okawaru gifted it to you on level 2 of the Vaults)
 50592 | Vaults:3 | Found Guveerec's Antique Armour Emporium.
 50605 | Vaults:3 | Bought a runed helmet for 202 gold pieces
 51572 | Vaults:3 | HP: 83/168 [fire giant/great sword of flaming (22)]
 51957 | Vaults:3 | Found a staircase to the Crypt.
 52136 | Vaults:4 | Noticed Jory
 52169 | Vaults:4 | Killed Jory
 52433 | Vaults:4 | Received a gift from Okawaru
 52509 | Vaults:4 | Learned a level 5 spell: Lee's Rapid Deconstruction
 52528 | Vaults:4 | Noticed Mara
 52539 | Vaults:4 | Killed Mara
 52539 | Vaults:4 | Reached XP level 21. HP: 175/175 MP: 3/39
 52709 | Vaults:4 | Found a radiant altar of Vehumet.
 52710 | Vaults:4 | Found the +2 hat of the Bear Spirit {Spirit, +Rage rN+ MR++}
 52737 | Vaults:4 | Got a silken robe
 52748 | Vaults:4 | Identified the +0 robe of a Hundred Allies {Int+2} (You found it on level 4 of the Vaults)
 52820 | Vaults:4 | Identified the +0 hat "Huikk" {-Tele Regen+ Int+4} (You found it on level 4 of the Vaults)
 52885 | Vaults:4 | Reached skill level 15 in Spellcasting
 53166 | Vaults:4 | Received a gift from Okawaru
 53173 | Vaults:4 | Identified the +1 shield of Hospitality {Str+3 Stlth+} (Okawaru gifted it to you on level 4 of the Vaults)
 53550 | D:14     | Learned a level 8 spell: Controlled Blink
 53627 | Depths:1 | Entered Level 1 of the Depths
 53780 | Depths:1 | Noticed Dominolapin's ghost (veteran VSVM)
 53904 | Depths:1 | HP: 85/176 [Dominolapin's ghost (11)]
 53911 | Depths:1 | HP: 83/176 [Dominolapin's ghost/bolt of cold (8)]
 53917 | Depths:1 | Killed Dominolapin's ghost
 54230 | Depths:1 | HP: 87/176 [deep troll (25)]
 54828 | Depths:1 | Identified the Handbook of Confrontation and Execration
 54929 | Depths:1 | Found a gateway to Hell.
 55164 | Depths:2 | Noticed Sojobo
 55167 | Depths:2 | Noticed Saint Roka
 55176 | Depths:2 | HP: 88/177 [fire dragon (4)]
 55181 | Depths:2 | Received a gift from Okawaru
 55181 | Depths:2 | HP: 79/177 [fire dragon (1)]
 55188 | Depths:1 | HP: 52/177 [fire dragon/blast of flame (6)]
 55441 | Depths:1 | Killed Sojobo
 55672 | Depths:2 | HP: 73/177 [flayed ghost/flay_damage (28)]
 55680 | Depths:2 | HP: 58/177 [flayed ghost/flay_damage (24)]
 55754 | Depths:2 | Killed Saint Roka
 55754 | Depths:2 | Reached XP level 22. HP: 156/185 MP: 3/41
 55914 | Depths:2 | Found a gateway to a ziggurat.
 56110 | Depths:2 | Found a shattered altar of Ashenzari.
 56363 | Depths:2 | Noticed Jorgrun
 56371 | Depths:2 | Killed Jorgrun
 56425 | Depths:2 | Received a gift from Okawaru
 56934 | Depths:2 | Noticed a golden dragon
 56950 | Depths:2 | Killed a golden dragon
 57015 | Depths:2 | Received a gift from Okawaru
 57028 | Depths:2 | Received a gift from Okawaru
 57059 | Depths:2 | Identified the +3 ring mail of the Enchanted Forest {*Drain rC+ rN+} (You found it on level 2 of the Depths)
 57103 | Depths:2 | Identified Qubu's Guide on Fetching Battle Magic
 57119 | Depths:2 | Learned a level 6 spell: Darkness
 57161 | Depths:2 | Reached skill level 15 in Dodging
 57542 | Depths:3 | Noticed Bai Suzhen
 57559 | Depths:3 | Killed Bai Suzhen
 57559 | Depths:3 | Received a gift from Okawaru
 57569 | Depths:2 | HP: 92/186 [something (5)]
 57574 | Depths:2 | HP: 54/186 [something (20)]
 57763 | Depths:3 | Gained mutation: Armour fits poorly on your strangely shaped body. [a cacodemon]
 57771 | Depths:2 | Reached skill level 15 in Stealth
 57776 | Depths:2 | Lost mutation: You have sharp toenails. [potion of mutation]
 57776 | Depths:2 | Lost mutation: Armour fits poorly on your strangely shaped body. [potion of mutation]
 57776 | Depths:2 | Lost mutation: You are partially covered in thin metallic scales. (AC +2) [potion of mutation]
 57776 | Depths:2 | Gained mutation: You have large cloven feet. [potion of mutation]
 57776 | Depths:2 | Gained mutation: You have supernaturally acute eyesight. (SInv) [potion of mutation]
 57776 | Depths:2 | Gained mutation: You are partially covered in icy blue scales. (AC +2) [potion of mutation]
 57786 | Depths:2 | HP: 88/186 [deep troll (20)]
 57902 | Depths:3 | Found a one-way gate leading to the halls of Pandemonium.
 57931 | Depths:3 | Identified the +0 scale mail "Qorer" {Slay+3} (Okawaru gifted it to you on level 3 of the Depths)
 58363 | Depths:3 | HP: 87/187 [ice dragon/blast of cold (16)]
 58576 | Depths:2 | Reached XP level 23. HP: 102/194 MP: 40/42
 58578 | Depths:2 | HP: 93/194 [deep troll (9)]
 58676 | Depths:2 | HP: 97/194 [deep troll (6)]
 58922 | Depths:3 | Received a gift from Okawaru
 59071 | Depths:3 | Reached skill level 15 in Conjurations
 59071 | Depths:3 | Reached skill level 15 in Summonings
 59071 | Depths:3 | Reached skill level 15 in Translocations
 59085 | Depths:3 | HP: 94/194 [sphinx (11)]
 59090 | Depths:3 | HP: 90/194 [ettin/dire flail (10)]
 59104 | Depths:3 | HP: 59/194 [fire dragon/blast of flame (8)]
 59541 | Depths:3 | Noticed Frederick
 59549 | Depths:3 | Killed Frederick
 59777 | Depths:3 | Noticed a juggernaut
 59792 | Depths:3 | Killed a juggernaut
 60030 | Depths:3 | Reached skill level 15 in Short Blades
 60030 | Depths:3 | Reached skill level 15 in Long Blades
 60030 | Depths:3 | Reached skill level 15 in Axes
 60030 | Depths:3 | Reached skill level 15 in Maces & Flails
 60030 | Depths:3 | Reached skill level 15 in Polearms
 60030 | Depths:3 | Reached skill level 15 in Staves
 60030 | Depths:3 | Reached skill level 15 in Slings
 60030 | Depths:3 | Reached skill level 15 in Bows
 60030 | Depths:3 | Reached skill level 15 in Crossbows
 60030 | Depths:3 | Reached skill level 15 in Throwing
 60030 | Depths:3 | Reached skill level 15 in Shields
 60030 | Depths:3 | Reached skill level 15 in Unarmed Combat
 60030 | Depths:3 | Reached skill level 15 in Hexes
 60030 | Depths:3 | Reached skill level 15 in Charms
 60030 | Depths:3 | Reached skill level 15 in Necromancy
 60030 | Depths:3 | Reached skill level 15 in Transmutations
 60030 | Depths:3 | Reached skill level 15 in Fire Magic
 60030 | Depths:3 | Reached skill level 15 in Ice Magic
 60030 | Depths:3 | Reached skill level 15 in Air Magic
 60030 | Depths:3 | Reached skill level 15 in Earth Magic
 60030 | Depths:3 | Reached skill level 15 in Poison Magic
 60030 | Depths:3 | Reached skill level 15 in Invocations
 60030 | Depths:3 | Reached skill level 15 in Evocations
 60426 | Depths:4 | Found a one-way gate to the infinite horrors of the Abyss.
 60566 | Depths:4 | HP: 97/195 [fire giant/fireball (5)]
 60569 | Depths:4 | Received a gift from Okawaru
 60634 | Depths:4 | Noticed a golden dragon
 60654 | Depths:3 | Received a gift from Okawaru
 60791 | Depths:4 | Killed a golden dragon
 60791 | Depths:4 | Received a gift from Okawaru
 60807 | Depths:3 | HP: 96/196 [tengu reaver/war axe (7)]
 60812 | Depths:3 | HP: 61/196 [poisoned by a tengu reaver (blast of poison)]
 60817 | Depths:3 | HP: 52/196 [poisoned by a tengu reaver (blast of poison)]
 60822 | Depths:3 | HP: 55/196 [poisoned by a tengu reaver (blast of poison)]
 60828 | Depths:3 | HP: 62/196 [poisoned by a tengu reaver (blast of poison)]
 60834 | Depths:3 | HP: 70/196 [poisoned by a tengu reaver (blast of poison)]
 60839 | Depths:3 | HP: 77/196 [poisoned by a tengu reaver (blast of poison)]
 60847 | Depths:3 | HP: 90/196 [poisoned by a tengu reaver (blast of poison)]
 61181 | Depths:4 | Found Gedah's Assorted Antiques.
 61298 | Depths:4 | Reached XP level 24. HP: 145/203 MP: 4/43
 61638 | Depths:4 | Noticed a juggernaut
 61645 | Depths:4 | Killed a juggernaut
 61645 | Depths:4 | Received a gift from Okawaru
 61848 | Depths:5 | Entered Level 5 of the Depths
 62120 | Depths:4 | Identified the Handbook of Lightness and Darkness
 62308 | Depths:5 | HP: 99/204 [frost giant/battleaxe of freezing (13)]
 62490 | Depths:5 | Received a gift from Okawaru
 62493 | Depths:5 | Identified the +5 crystal plate armour of Hedonism {MR+ Regen+ Str-3} (Okawaru gifted it to you on level 5 of the Depths)
 62999 | Depths:5 | Found a gate to the Realm of Zot.
 63625 | Elf:1    | Entered Level 1 of the Elven Halls
 63748 | Elf:1    | Identified the +9 scale mail of the Slightly Bent {+Blink} (You found it on level 1 of the Elven Halls)
 64081 | Elf:1    | Reached XP level 25. HP: 204/212 MP: 43/43
 64181 | Elf:1    | Identified the Incunabulum of Attacks
 64516 | Elf:1    | Noticed Louise
 64534 | Elf:1    | Killed Louise
 64911 | Elf:2    | Received a gift from Okawaru
 64925 | Elf:2    | Identified the +3 scale mail of Melancholy {rElec} (You found it on level 2 of the Elven Halls)
 64929 | Elf:2    | Identified the +1 triple sword "Inompoddusm" {slice, rF- rN+++ MP+9} (Okawaru gifted it to you on level 2 of the Elven Halls)
 64949 | Elf:2    | Found a runed gate.
 64952 | Elf:2    | Found a runed gate.
 64952 | Elf:2    | Found a runed gate.
 65881 | Elf:2    | Received a gift from Okawaru
 66033 | Elf:3    | Entered Level 3 of the Elven Halls
 66434 | Elf:3    | Received a gift from Okawaru
 66683 | Elf:3    | Identified the cursed +1 demon whip "Nuynem" {pain, Fragile rF+ Dex+4} (You took it off a deep elf archer on level 3 of the Elven Halls)
 66895 | Elf:3    | Learned a level 4 spell: Cause Fear
 67346 | Orc:2    | Bought an uncursed ring of resist corrosion for 280 gold pieces
 67562 | Slime:1  | Entered Level 1 of the Pits of Slime
 67756 | Slime:5  | Entered Level 5 of the Pits of Slime
 67777 | Slime:5  | Found the ring of Phasing {EV+8}
 67787 | Slime:5  | Noticed the Royal Jelly
 68095 | Slime:4  | Reached XP level 26. HP: 181/222 MP: 32/44
 68202 | Slime:4  | HP: 106/222 [azure jelly (14)]
 68359 | Slime:5  | Killed the Royal Jelly
 68359 | Slime:5  | Received a gift from Okawaru
 68640 | Slime:5  | Gained mutation: You expend magic power (3 MP) to strengthen your wands. [a shining eye]
 68721 | Slime:5  | Gained mutation: You occasionally shout uncontrollably at your foes. [a shining eye]
 68814 | Slime:5  | Found the +6 arbalest "Damnation" {damnation}
 68832 | Slime:5  | Gained mutation: Potions are less effective at restoring your health. [a shining eye]
 68836 | Slime:5  | Lost mutation: You have supernaturally acute eyesight. (SInv) [potion of mutation]
 68836 | Slime:5  | Lost mutation: You expend magic power (3 MP) to strengthen your wands. [potion of mutation]
 68836 | Slime:5  | Lost mutation: You have large cloven feet. [potion of mutation]
 68836 | Slime:5  | Lost mutation: You are partially covered in icy blue scales. (AC +2) [potion of mutation]
 68836 | Slime:5  | Gained mutation: Your body sometimes deteriorates upon taking damage. [potion of mutation]
 68836 | Slime:5  | Gained mutation: You have large cloven feet. [potion of mutation]
 68856 | Slime:5  | Got a slimy rune of Zot
 68879 | Slime:5  | Identified the Incunabulum of the Hot Ocelot
 68883 | Slime:5  | Learned a level 1 spell: Summon Butterflies
 68895 | Slime:5  | Identified the Papyrus of Philately
 68904 | Slime:5  | Identified the Incunabulum of Unstable Hexes
 68980 | Slime:5  | Learned a level 8 spell: Chain Lightning
 69062 | Slime:5  | HP: 106/223 [acid[the Royal Jelly] (13)]
 69426 | Zot:1    | Entered Level 1 of the Realm of Zot
 69595 | Zot:1    | HP: 98/223 [golden dragon (20)]
 69727 | Zot:2    | Noticed Ijustatesigmund's ghost (legendary VSFi)
 69799 | Zot:2    | Killed Ijustatesigmund's ghost
 69970 | Zot:2    | Received a gift from Okawaru
 70433 | Zot:5    | Entered Level 5 of the Realm of Zot
 70549 | Zot:5    | Noticed an ancient lich
 70563 | Zot:5    | HP: 88/224 [Brimstone Fiend/damnation[an ancient lich] (28)]
 70564 | Zot:5    | Noticed an ancient lich
 70564 | Zot:5    | Noticed an ancient lich
 70564 | Zot:5    | Noticed an ancient lich
 70564 | Zot:5    | Noticed an orb of fire
 70565 | Zot:5    | Noticed an ancient lich
 70568 | Zot:5    | Paralysed by an ancient lich for 7 turns
 70568 | Zot:5    | HP: 72/224 [orb of fire/bolt of fire (19)]
 70569 | Zot:5    | Noticed an ancient lich
 70570 | Zot:5    | Noticed an orb of fire
 70571 | Zot:5    | Noticed an ancient lich
 70576 | Zot:5    | HP: 44/224 [???[an ancient lich] (21)]
 70579 | Zot:5    | Noticed an ancient lich
 70582 | Zot:5    | HP: 24/224 [purple draconian stormcaller/divine providence (13)]
 70593 | Zot:5    | Killed from afar by an ancient lich

Vault maps used:
D:1:      dpeg_arrival_tiny_k, moated_statue
D:2:      minmay_wonky_spiral, uniq_terence, uniq_jessica
D:3:      first_bread, minivault_26, kennysheep_cluttered_room
D:4:      lemuel_round_altar, elyvilon_altar_4, uniq_grinder, uniq_ijyb,
          uniq_edmund
D:6:      serial_bayou_pond_d, grunt_dithmenos_shadows, uniq_pikel
D:7:      minmay_temple_entry_enclosed_plants, enter_bailey_3, the_bakery,
          uniq_menkaure
D:8:      uniq_erica, uniq_prince_ribbit1, uniq_maurice
D:9:      minmay_shrinking_squares, orc_0_dummy,
          minmay_guarded_unrand_staff_of_olgreb
D:10:     dpeg_oklobed_lair
D:11:     serial_shops, shop, roderic_batcave
D:12:     uniq_josephine
D:13:     laboratory
D:14:     david_vaults_5, serial_bayou_lagoon_a, serial_shops,
          nicolae_shop_crystal, minivault_25, hangedman_parallel_progression
D:15:     grunt_enter_depths_giant_problem, nicolae_lava_and_water, basic_altar
Temple:   kilobyte_greek_temple
Lair:1:   cheibrodos_lair_lostbears
Lair:2:   wad_woods_antlair, uniq_sonja
Lair:3:   spider_nest_entry_webs, portal_ice_cave_entry_pillars_2,
          grunt_megastairs_2, uniq_urug, uniq_gastronok
Lair:4:   nicolae_swamp_entry_splash_gauntlet, serial_bayou_shore_a
Lair:5:   slime_altar_1, bh_autumn_forest_stairs
Lair:6:   hangedman_lair_tendril_chambers, hangedman_lair_caniforms_friends,
          basic_altar, serial_bayou_shore_b
Swamp:1:  serial_swamp_ruin, evilmike_swamp_ruin_house_5,
          evilmike_swamp_ruin_house_6
Swamp:2:  evilmike_swamp_ruin_house_1, uniq_donald
Swamp:3:  evilmike_swamp_ruin_house_4, infiniplex_staircase_pool
Swamp:4:  grunt_swamp_rune_castle
Spider:1: spider_trap
Spider:2: spider_trap, guppyfry_hornet_nest
Spider:4: grunt_spider_rune_circles, spiders_nest_the_unseen
Orc:1:    basic_altar
Orc:2:    st_orc_town, serial_shops, shop
Elf:1:    special_room, minmay_elf_annihilation, uniq_louise
Elf:2:    grunt_ministairs_14
Elf:3:    minmay_elf_hall_quartered_circle
Vaults:1: v_alt_pattern_5, ontoclasm_vaults_twist, vaults_mumra_minichess,
          serial_ice_m, hangedman_vaults_corner, ontoclasm_vaults_ring_square,
          ontoclasm_vaults_spin, hangedman_vaults_stretched_pinwheel,
          v_pattern_2, vaults_room_pools, vaults_room_fours, serial_shops, shop
Vaults:2: v_misc_14, hangedman_vaults_stream, v_alt_pattern_6,
          hangedman_vaults_trim, hangedman_vaults_unwind, vaults_room_hallway,
          hangedman_vaults_nodes, v_misc_5, vaults_room_pools
Vaults:3: minmay_crypt_entry_simple_statues, vaults_room_stairs_pillars,
          nicolae_vaults_branching_niches, hangedman_vaults_corner_blocks,
          nicolae_vaults_little_squares_5, vaults_room_fours,
          ontoclasm_vaults_eye, serial_shops,
          nicolae_shop_temple_entry_statues_fountains
Vaults:4: v_pattern_3, grunt_tower_of_power, v_misc_9, vaults_room_pools,
          hangedman_vaults_snaps, v_misc_30, vaults_dpeg_ring, v_misc_28,
          v_alt_pattern_2, vaults_dpeg_diagonal, nicolae_vaults_specimen_jars,
          vaults_dpeg_cross, uniq_mara, uniq_jory
Depths:1: grunt_hell_entry_dis_mu, nicolae_water_bricks, horrible_house_mu
Depths:2: minmay_the_grid_plus, enter_ziggurat_d, hellmouth_1,
          ashenzari_altar_1, infiniplex_staircase_pool_2, uniq_jorgrun,
          uniq_sojobo, uniq_saint_roka
Depths:3: nooodl_heptagram, grunt_pan_entry_in_and_out, hell_entry,
          hangedman_abyss_or_decor_jellyfish_corner, minmay_misc_feat_diagonals,
          uniq_frederick, uniq_bai_suzhen
Depths:4: evilmike_inaccessible_box, abyss_entry, serial_shops, shop,
          pf_dread_powers_of_hell, pan_entry, dk_noncrumbling_3
Depths:5: grunt_crosshair, hell_entry, abyss_entry_small_statue_room,
          serial_sigils_hangedman_confine, glass_columns_a,
          minmay_misc_feat_columns
Zot:2:    grunt_zot_stairs_faceoff
Zot:3:    st_single_dragon_hoard_2
Zot:4:    kennysheep_blocky_hall
Bailey:   bailey_polearm_flooded_kennysheep, bailey
IceCv:    ice_cave_small_demon

Skill      XL: |  1  2  3  4  5  6  7  8  9 10 11 12 13 14 15 16 17 18 19 20 21 22 23 24 25 26 |
---------------+-------------------------------------------------------------------------------+-----
Fighting       | 1 2 3 4 5 7 9 10 11 13 14 15 16 17 18 19 20 21 22 | 22.0
Short Blades   | 1 2 3 4 5 6 7 8 9 10 11 12 13 14 15 16 | 16.8
Long Blades    | 1 2 3 4 5 6 7 8 9 10 11 12 13 14 15 16 | 16.8
Axes           | 1 2 3 4 5 6 7 8 9 10 11 12 13 14 15 16 | 16.8
Maces & Flails | 1 2 3 4 5 6 7 8 9 10 11 12 13 14 15 16 | 16.8
Polearms       | 1 2 3 4 5 6 7 8 9 10 11 12 13 14 15 16 | 16.8
Staves         | 1 2 3 4 5 6 7 8 9 10 11 12 13 14 15 16 | 16.8
Slings         | 1 2 3 4 5 6 7 8 9 10 11 12 13 14 15 16 | 16.8
Bows           | 1 2 3 4 5 6 7 8 9 10 11 12 13 14 15 16 | 16.8
Crossbows      | 1 2 3 4 5 6 7 8 9 10 11 12 13 14 15 16 | 16.8
Throwing       | 1 2 3 4 5 6 7 8 9 10 11 12 13 14 15 16 | 16.8
Armour         | 1 2 3 4 5 7 9 10 11 13 14 15 16 17 18 19 20 21 22 | 22.0
Shields        | 1 2 3 4 5 6 7 8 9 10 11 12 13 14 15 16 | 16.8
Unarmed Combat | 1 2 3 4 5 6 7 8 9 10 11 12 13 14 15 16 17 18 | 18.1
Hexes          | 1 2 3 4 5 6 7 8 9 10 11 12 13 14 15 16 | 16.8
Charms         | 1 2 3 4 5 6 7 8 9 10 11 12 13 14 15 16 | 16.8
Necromancy     | 1 2 3 4 5 6 7 8 9 10 11 12 13 14 15 16 | 16.8
Transmutations | 1 2 3 4 5 6 7 8 9 10 11 12 13 14 15 16 | 16.8
Fire Magic     | 1 2 3 4 5 6 7 8 9 10 11 12 13 14 15 16 | 16.8
Ice Magic      | 1 2 3 4 5 6 7 8 9 10 11 12 13 14 15 16 | 16.8
Air Magic      | 1 2 3 4 5 6 7 8 9 10 11 12 13 14 15 16 | 16.8
Earth Magic    | 1 2 3 4 5 6 7 8 9 10 11 12 13 14 15 16 | 16.8
Poison Magic   | 1 2 3 4 5 6 7 8 9 10 11 12 13 14 15 16 | 16.8
Invocations    | 1 2 3 4 5 6 7 8 9 10 11 12 13 14 15 16 | 16.8
Evocations     | 1 2 3 4 5 6 7 8 9 10 11 12 13 14 15 16 | 16.8
Conjurations   | 3 4 5 6 7 8 9 10 11 12 13 14 15 16 17 | 17.0
Summonings     | 3 4 5 6 7 8 9 10 11 12 13 14 15 16 17 | 17.0
Translocations | 3 4 5 6 7 8 9 10 11 12 13 14 15 16 17 | 17.0
Dodging        | 5 6 7 8 9 10 11 12 13 14 15 16 17 | 17.3
Stealth        | 5 6 7 8 9 10 11 12 13 14 15 16 17 | 17.2
Spellcasting   | 8 9 10 11 12 13 14 15 16 17 | 17.9

Action                   |  1- 3 |  4- 6 |  7- 9 | 10-12 | 13-15 | 16-18 | 19-21 | 22-24 | 25-27 || total
-------------------------+-------+-------+-------+-------+-------+-------+-------+-------+-------++-------
Melee: Unarmed           |     2 |       |       |       |       |       |       |       |       ||     2
       Spear             |       |    28 |    49 |       |       |       |       |       |       ||    77
       Bite              |       |     5 |    10 |    44 |   221 |   255 |   283 |   243 |   168 ||  1229
       Staff             |       |     4 |       |    90 |  1203 |  1393 |   841 |       |       ||  3531
       Punch             |       |     1 |     1 |     6 |    15 |       |       |       |       ||    23
       Flail             |       |       |   113 |    33 |       |       |       |       |       ||   146
       Kick              |       |       |    13 |    52 |       |       |       |       |       ||    65
       Halberd           |       |       |    31 |    55 |       |       |       |       |       ||    86
       War axe           |       |       |       |   101 |       |       |       |       |       ||   101
       Trident           |       |       |       |    57 |    10 |       |       |       |       ||    67
       Scimitar          |       |       |       |   169 |   216 |    13 |       |       |       ||   398
       Eveningstar       |       |       |       |       |   143 |   444 |   621 |    43 |       ||  1251
       Lajatang          |       |       |       |       |   118 |       |       |       |       ||   118
       Demon blade       |       |       |       |       |       |       |   168 |  1663 |  1228 ||  3059
Throw: Javelin           |       |       |       |       |     1 |       |       |       |       ||     1
       Tomahawk          |       |       |       |       |     1 |       |       |       |       ||     1
 Cast: Magic Dart        |    89 |   170 |   198 |   192 |    52 |     1 |       |       |       ||   702
       Conjure Flame     |       |     6 |    22 |    41 |    14 |     2 |     2 |     1 |       ||    88
       Mephitic Cloud    |       |     6 |    10 |    48 |     2 |       |       |       |       ||    66
       Blink             |       |       |     1 |     8 |    15 |     4 |       |     5 |     7 ||    40
       Regeneration      |       |       |       |     7 |    57 |    25 |    38 |    57 |    34 ||   218
       Iskenderun's Batt |       |       |       |       |     5 |     1 |       |       |       ||     6
       Bolt of Magma     |       |       |       |       |     4 |    24 |     4 |       |       ||    32
       Iron Shot         |       |       |       |       |       |     1 |    23 |    61 |    38 ||   123
       Freezing Cloud    |       |       |       |       |       |     1 |    10 |    43 |    29 ||    83
       Lee's Rapid Decon |       |       |       |       |       |       |     7 |     7 |    17 ||    31
Invok: Heroism           |       |       |       |     1 |     8 |     3 |     5 |     3 |     5 ||    25
       Finesse           |       |       |       |       |     1 |       |     1 |       |       ||     2
 Abil: Evoke Flight      |       |       |       |       |       |       |       |     1 |       ||     1
Evoke: Staff of Olgreb   |       |       |       |    33 |   131 |    89 |    63 |       |       ||   316
       Wand              |       |       |       |       |     1 |       |       |       |     2 ||     3
       Phantom mirror    |       |       |       |       |       |     1 |       |       |       ||     1
  Use: Scroll            |       |       |    19 |     9 |    18 |    22 |    15 |     7 |    17 ||   107
       Potion            |       |       |       |     4 |     1 |     2 |     1 |     1 |    10 ||    19
 Stab: Confused          |       |     2 |     2 |     5 |     3 |       |       |       |       ||    12
       Sleeping          |       |       |       |     7 |    12 |     8 |    15 |     7 |    15 ||    64
       Distracted        |       |       |       |       |     4 |     2 |     3 |     2 |     2 ||    13
       Held in net/web   |       |       |       |       |       |     1 |       |       |       ||     1
  Eat: Chunk             |     2 |     8 |    11 |    34 |    54 |    36 |    34 |    43 |    14 ||   236
       Meat ration       |       |       |     1 |     1 |     2 |     2 |     1 |       |       ||     7
       Fruit             |       |       |       |     1 |     5 |     1 |     2 |     2 |     6 ||    17
       Royal jelly       |       |       |       |       |     2 |       |       |       |     4 ||     6
Armor: Robe              |     1 |     1 |     7 |       |       |       |       |       |       ||     9
       Leather armour    |       |       |    10 |       |       |       |       |       |       ||    10
       Ring mail         |       |       |    18 |    41 |       |       |       |       |       ||    59
       Scale mail        |       |       |       |   135 |   636 |   845 |   411 |   664 |   416 ||  3107
Dodge: Dodged            |    12 |    19 |    84 |   266 |   997 |  1156 |   560 |   886 |   535 ||  4515
Block: Shield            |       |       |       |       |   505 |  1396 |  1355 |  1847 |  1053 ||  6156
       Buckler           |       |       |       |       |   191 |   266 |       |       |       ||   457
       Reflection        |       |       |       |       |     2 |     4 |    56 |    83 |    23 ||   168
       Rpst.: Scimitar   |       |       |       |    18 |    54 |     6 |       |       |       ||    78
       Staff             |       |       |       |       |    73 |   163 |    43 |       |       ||   279
       Eveningstar       |       |       |       |       |       |    44 |    25 |       |       ||    69
       Demon blade       |       |       |       |       |       |       |    13 |   116 |    93 ||   222

Table legend:
 A = Spawn XP
 B = Non-spawn XP
 C = Spawn XP percentage of total XP
 D = Spawn monster count
 E = Non-spawn monster count
 F = Spawn count percentage of total count
 G = Total turns spent on level
                    A         B        C        D         E        F      G
               +---------+---------+-------+---------+---------+-------+---------
         Total |       0 | 1231138 |   0.0 |       0 |    2422 |   0.0 | 70593
               +---------+---------+-------+---------+---------+-------+---------
           D:1 |       0 |      58 |   0.0 |       0 |      27 |   0.0 |  1280
           D:2 |       0 |     132 |   0.0 |       0 |      18 |   0.0 |  1089
           D:3 |       0 |     147 |   0.0 |       0 |      27 |   0.0 |  1386
           D:4 |       0 |    1235 |   0.0 |       0 |      28 |   0.0 |  2125
           D:5 |       0 |     879 |   0.0 |       0 |      18 |   0.0 |  1483
           D:6 |       0 |    2080 |   0.0 |       0 |      33 |   0.0 |  1647
           D:7 |       0 |    2374 |   0.0 |       0 |      45 |   0.0 |  2018
           D:8 |       0 |    4147 |   0.0 |       0 |      25 |   0.0 |  1575
           D:9 |       0 |    7752 |   0.0 |       0 |      48 |   0.0 |  2225
          D:10 |       0 |    2947 |   0.0 |       0 |      31 |   0.0 |  1201
          D:11 |       0 |    3820 |   0.0 |       0 |      45 |   0.0 |  1348
          D:12 |       0 |    6703 |   0.0 |       0 |      33 |   0.0 |  1268
          D:13 |       0 |   11115 |   0.0 |       0 |      62 |   0.0 |  1138
          D:14 |       0 |   16987 |   0.0 |       0 |      82 |   0.0 |  1591
          D:15 |       0 |    8978 |   0.0 |       0 |      19 |   0.0 |   945
        Lair:1 |       0 |    6084 |   0.0 |       0 |      23 |   0.0 |  1780
        Lair:2 |       0 |    7039 |   0.0 |       0 |      32 |   0.0 |  1561
        Lair:3 |       0 |    6247 |   0.0 |       0 |      17 |   0.0 |  1573
        Lair:4 |       0 |    8718 |   0.0 |       0 |      38 |   0.0 |  2077
        Lair:5 |       0 |    6637 |   0.0 |       0 |      23 |   0.0 |  1745
        Lair:6 |       0 |   29932 |   0.0 |       0 |     124 |   0.0 |  2764
       Swamp:1 |       0 |   11731 |   0.0 |       0 |      32 |   0.0 |  1105
       Swamp:2 |       0 |   16896 |   0.0 |       0 |      42 |   0.0 |   994
       Swamp:3 |       0 |   13019 |   0.0 |       0 |      25 |   0.0 |   851
       Swamp:4 |       0 |   24910 |   0.0 |       0 |      49 |   0.0 |  1162
      Spider:1 |       0 |   22329 |   0.0 |       0 |      65 |   0.0 |  1075
      Spider:2 |       0 |   18430 |   0.0 |       0 |      50 |   0.0 |  1657
      Spider:3 |       0 |   23640 |   0.0 |       0 |      63 |   0.0 |  1389
      Spider:4 |       0 |   40658 |   0.0 |       0 |      69 |   0.0 |  1648
       Slime:1 |       0 |    1316 |   0.0 |       0 |       5 |   0.0 |    29
       Slime:2 |       0 |    2506 |   0.0 |       0 |       6 |   0.0 |    80
       Slime:3 |       0 |   11277 |   0.0 |       0 |      25 |   0.0 |   226
       Slime:4 |       0 |   15522 |   0.0 |       0 |      28 |   0.0 |   618
       Slime:5 |       0 |   38009 |   0.0 |       0 |      23 |   0.0 |   599
         Orc:1 |       0 |    5343 |   0.0 |       0 |      64 |   0.0 |   938
         Orc:2 |       0 |    7692 |   0.0 |       0 |      85 |   0.0 |  1438
         Elf:1 |       0 |   36173 |   0.0 |       0 |      60 |   0.0 |  1292
         Elf:2 |       0 |   49928 |   0.0 |       0 |      67 |   0.0 |  1149
         Elf:3 |       0 |   63378 |   0.0 |       0 |      72 |   0.0 |  1243
      Vaults:1 |       0 |   71806 |   0.0 |       0 |     109 |   0.0 |  2159
      Vaults:2 |       0 |   37568 |   0.0 |       0 |      70 |   0.0 |  1095
      Vaults:3 |       0 |   36918 |   0.0 |       0 |      55 |   0.0 |  1700
      Vaults:4 |       0 |   54232 |   0.0 |       0 |      49 |   0.0 |  1345
      Depths:1 |       0 |   44283 |   0.0 |       0 |      52 |   0.0 |  2049
      Depths:2 |       0 |  115397 |   0.0 |       0 |     153 |   0.0 |  2796
      Depths:3 |       0 |  108322 |   0.0 |       0 |      99 |   0.0 |  2374
      Depths:4 |       0 |   79975 |   0.0 |       0 |      63 |   0.0 |  1458
      Depths:5 |       0 |   66659 |   0.0 |       0 |      54 |   0.0 |  1222
         Zot:1 |       0 |   20748 |   0.0 |       0 |      12 |   0.0 |   292
         Zot:2 |       0 |   37163 |   0.0 |       0 |      18 |   0.0 |   395
         Zot:3 |       0 |    6302 |   0.0 |       0 |       5 |   0.0 |   212
         Zot:4 |       0 |   12697 |   0.0 |       0 |       7 |   0.0 |   108
        Bailey |       0 |    2218 |   0.0 |       0 |      39 |   0.0 |  1599
         IceCv |       0 |      82 |   0.0 |       0 |       9 |   0.0 |   125
               +---------+---------+-------+---------+---------+-------+---------

Vault maps used:
D:1:      dpeg_arrival_tiny_k, moated_statue
D:2:      minmay_wonky_spiral, uniq_terence, uniq_jessica
D:3:      first_bread, minivault_26, kennysheep_cluttered_room
D:4:      lemuel_round_altar, elyvilon_altar_4, uniq_grinder, uniq_ijyb,
          uniq_edmund
D:6:      serial_bayou_pond_d, grunt_dithmenos_shadows, uniq_pikel
D:7:      minmay_temple_entry_enclosed_plants, enter_bailey_3, the_bakery,
          uniq_menkaure
D:8:      uniq_erica, uniq_prince_ribbit1, uniq_maurice
D:9:      minmay_shrinking_squares, orc_0_dummy,
          minmay_guarded_unrand_staff_of_olgreb
D:10:     dpeg_oklobed_lair
D:11:     serial_shops, shop, roderic_batcave
D:12:     uniq_josephine
D:13:     laboratory
D:14:     david_vaults_5, serial_bayou_lagoon_a, serial_shops,
          nicolae_shop_crystal, minivault_25, hangedman_parallel_progression
D:15:     grunt_enter_depths_giant_problem, nicolae_lava_and_water, basic_altar
Temple:   kilobyte_greek_temple
Lair:1:   cheibrodos_lair_lostbears
Lair:2:   wad_woods_antlair, uniq_sonja
Lair:3:   spider_nest_entry_webs, portal_ice_cave_entry_pillars_2,
          grunt_megastairs_2, uniq_urug, uniq_gastronok
Lair:4:   nicolae_swamp_entry_splash_gauntlet, serial_bayou_shore_a
Lair:5:   slime_altar_1, bh_autumn_forest_stairs
Lair:6:   hangedman_lair_tendril_chambers, hangedman_lair_caniforms_friends,
          basic_altar, serial_bayou_shore_b
Swamp:1:  serial_swamp_ruin, evilmike_swamp_ruin_house_5,
          evilmike_swamp_ruin_house_6
Swamp:2:  evilmike_swamp_ruin_house_1, uniq_donald
Swamp:3:  evilmike_swamp_ruin_house_4, infiniplex_staircase_pool
Swamp:4:  grunt_swamp_rune_castle
Spider:1: spider_trap
Spider:2: spider_trap, guppyfry_hornet_nest
Spider:4: grunt_spider_rune_circles, spiders_nest_the_unseen
Orc:1:    basic_altar
Orc:2:    st_orc_town, serial_shops, shop
Elf:1:    special_room, minmay_elf_annihilation, uniq_louise
Elf:2:    grunt_ministairs_14
Elf:3:    minmay_elf_hall_quartered_circle
Vaults:1: v_alt_pattern_5, ontoclasm_vaults_twist, vaults_mumra_minichess,
          serial_ice_m, hangedman_vaults_corner, ontoclasm_vaults_ring_square,
          ontoclasm_vaults_spin, hangedman_vaults_stretched_pinwheel,
          v_pattern_2, vaults_room_pools, vaults_room_fours, serial_shops, shop
Vaults:2: v_misc_14, hangedman_vaults_stream, v_alt_pattern_6,
          hangedman_vaults_trim, hangedman_vaults_unwind, vaults_room_hallway,
          hangedman_vaults_nodes, v_misc_5, vaults_room_pools
Vaults:3: minmay_crypt_entry_simple_statues, vaults_room_stairs_pillars,
          nicolae_vaults_branching_niches, hangedman_vaults_corner_blocks,
          nicolae_vaults_little_squares_5, vaults_room_fours,
          ontoclasm_vaults_eye, serial_shops,
          nicolae_shop_temple_entry_statues_fountains
Vaults:4: v_pattern_3, grunt_tower_of_power, v_misc_9, vaults_room_pools,
          hangedman_vaults_snaps, v_misc_30, vaults_dpeg_ring, v_misc_28,
          v_alt_pattern_2, vaults_dpeg_diagonal, nicolae_vaults_specimen_jars,
          vaults_dpeg_cross, uniq_mara, uniq_jory
Depths:1: grunt_hell_entry_dis_mu, nicolae_water_bricks, horrible_house_mu
Depths:2: minmay_the_grid_plus, enter_ziggurat_d, hellmouth_1,
          ashenzari_altar_1, infiniplex_staircase_pool_2, uniq_jorgrun,
          uniq_sojobo, uniq_saint_roka
Depths:3: nooodl_heptagram, grunt_pan_entry_in_and_out, hell_entry,
          hangedman_abyss_or_decor_jellyfish_corner, minmay_misc_feat_diagonals,
          uniq_frederick, uniq_bai_suzhen
Depths:4: evilmike_inaccessible_box, abyss_entry, serial_shops, shop,
          pf_dread_powers_of_hell, pan_entry, dk_noncrumbling_3
Depths:5: grunt_crosshair, hell_entry, abyss_entry_small_statue_room,
          serial_sigils_hangedman_confine, glass_columns_a,
          minmay_misc_feat_columns
Zot:2:    grunt_zot_stairs_faceoff
Zot:3:    st_single_dragon_hoard_2
Zot:4:    kennysheep_blocky_hall
Bailey:   bailey_polearm_flooded_kennysheep, bailey
IceCv:    ice_cave_small_demon
